 Dungeon Sprint DCSS version 0.26-a0-672-g1df16c3386 (webtiles) character file.

Game seed: 11910783525468369328

555829 mhtbhm the Conqueror (level 22, -28/233 HPs)
             Began as a Minotaur Fighter on Oct 20, 2020.
             Was the Champion of Trog.
             Killed from afar by Lom Lobon (42 damage)
             ... with a great icy blast
             ... in the Dungeon (Sprint IX: "|||||||||||||||||||||||||||||").
             The game lasted 00:37:13 (12924 turns).

mhtbhm the Conqueror (Minotaur Fighter)            Turns: 12924, Time: 00:37:13

Health: -28/233    AC: 36    Str: 31 (32) XL:     22   Next: 16%
Magic:  21/21      EV: 30    Int:  5      God:    Trog [******]
Gold:   405        SH: 34    Dex: 28      Spells: 21/21 levels left

rFire    + . .     SeeInvis .   a - +8 demon blade (flame)
rCold    + + +     Faith    .   c - +5 tower shield
rNeg     + . .     Spirit   .   b - +2 gold dragon scales
rPois    +         Reflect  .   (helmet unavailable)
rElec    +         Harm     .   J - +0 cloak {MR+}
rCorr    .         Rampage  .   D - +1 pair of gloves "Goahautytt" {+Blink rPois rN+ Stlth+}
MR       ++...     NoTele   +   U - +0 pair of boots {run}
Stlth    +++.......             w - amulet of regeneration
HPRegen  0.88/turn              N - ring of Tumopek {rPois rC++ Str+3 Dex+9 Stlth-}
MPRegen  0.17/turn              O - ring of Iviawont {rElec Str+3 Dex+6}

@: mighty, quick
A: retaliatory headbutt, horns 3, blurry vision 1, weak 1, wild magic 1
}: 9/17 runes: decaying, serpentine, barnacled, slimy, elven, silver, golden,
abyssal, gossamer
a: Berserk, Trog's Hand, Brothers in Arms, Renounce Religion, Evoke Blink


You were in the Dungeon.
You worshipped Trog.
Trog was exalted by your worship.
You visited 1 branch You collected 2006 gold pieces.
You spent 1601 gold pieces at shops.

Inventory:

Hand Weapons
 a - a +8 demon blade of flaming (weapon)
 t - a +5 antimagic dagger
 E - a +4 vorpal quarterstaff
 M - a +5 vorpal demon blade
 S - the +5 demon blade of the Land of Plenty {freeze, *Slow rPois Dex+3 Stlth+}
   (You found it in the Dungeon)

   It has been specially enchanted to freeze those struck by it, causing extra
   injury to most foes and up to half again as much damage against particularly
   susceptible opponents.
   It can also slow down cold-blooded creatures.
   It affects your dexterity (+3).
   It protects you from poison.
   It may slow you when you take damage.
   It makes you more stealthy.
Missiles
 p - 3 throwing nets
 H - 26 javelins
 I - 5 silver javelins (quivered)
Armour
 b - +2 gold dragon scales (worn)
 c - a +5 tower shield (worn)
 h - +0 storm dragon scales
 l - the +0 pair of boots "Raol" {Str+3 Dex+3}
   (You found it in the Dungeon)

   It affects your strength (+3).
   It affects your dexterity (+3).
 v - a +2 hat
 D - the +1 pair of gloves "Goahautytt" (worn) {+Blink rPois rN+ Stlth+}
   (You found it in the Dungeon)

   It protects you from poison.
   It protects you from negative energy.
   It lets you blink.
   It makes you more stealthy.
 J - a +0 cloak of magic resistance (worn)
 U - a +0 pair of boots of running (worn)
Jewellery
 w - an amulet of regeneration (around neck)
 B - an uncursed ring of see invisible
 C - the ring of Peace {+Fly rF++ rN+ Str-2 Int+2}
   (You found it in the Dungeon)

   [ring of flight]

   It affects your strength (-2).
   It affects your intelligence (+2).
   It greatly protects you from fire.
   It protects you from negative energy.
   It lets you fly.
 F - a +6 ring of strength
 N - the ring of Tumopek (left hand) {rPois rC++ Str+3 Dex+9 Stlth-}
   (You found it in the Dungeon)

   [ring of strength]

   It affects your strength (+3).
   It affects your dexterity (+9).
   It greatly protects you from cold.
   It protects you from poison.
   It makes you less stealthy.
 O - the ring of Iviawont (right hand) {rElec Str+3 Dex+6}
   (You found it in the Dungeon)

   [ring of strength]

   It affects your strength (+3).
   It affects your dexterity (+6).
   It insulates you from electricity.
Wands
 x - a wand of random effects (16)
Scrolls
 j - 5 scrolls of blinking
 k - 5 scrolls of remove curse
 n - a scroll of fear
 r - 6 scrolls of identify
 s - 5 scrolls of fog
 u - 6 scrolls of enchant weapon
Potions
 d - a potion of might
 e - 6 potions of curing
 g - 8 potions of haste
 i - a potion of invisibility
 m - a potion of stabbing
 q - 3 potions of berserk rage
 A - 5 potions of magic
 G - a potion of ambrosia
 K - a potion of cancellation
Miscellaneous
 y - a lightning rod (4/4)
 z - a phantom mirror
 L - the horn of Geryon


   Skills:
 O Level 27 Fighting
 O Level 27 Short Blades
 O Level 27 Long Blades
 + Level 23.4 Staves
 O Level 27 Throwing
 O Level 27 Armour
 O Level 27 Dodging
 O Level 27 Stealth
 O Level 27 Shields
 O Level 27 Unarmed Combat
 O Level 27 Evocations


You had 21 spell levels left.
You didn't know any spells.
Your spell library was empty.

Dungeon Overview and Level Annotations

Branches:
Dungeon (1/1)

Altars:
Cheibriados
Dithmenos
Elyvilon
Fedhas
Gozag
Hepliaklqana
Kikubaaqudgha
Makhleb
Nemelex Xobeh
Okawaru
Qazlal
Ru
Sif Muna
Trog
Uskayaw
Vehumet
Wu Jian
Xom
Yredelemnul
Zin
The Shining One
Beogh
Jiyva
Lugonu

Shops:
D *=:}

Annotations:
D Antaeus, Asmodeus, Dispater, Gloorx Vloq, Lom Lobon


Innate Abilities, Weirdness & Mutations

You reflexively headbutt those who attack you in melee.
You have a pair of large horns on your head.
Scrolls take you a little longer to read.
You are weak. (Str -2)
Your spells are a little harder to cast, but a little more powerful.


Message History

Unknown command.
You block Lom Lobon's attack.
Unknown command.
Really read with blurry vision while enemies are nearby?
You begin reading the scroll.
You continue reading the scroll.
Lom Lobon blinks!
Asmodeus gestures at you.
The bolt of fire hits you but does no damage.
Blink to where?
Press: ? - help, Dir - move target cursor, f - you Are you sure you want to cancel this blink?
Press: ? - help, Dir - move target cursor
As you read the scroll of blinking, it crumbles to dust.
Unknown command.
You block Lom Lobon's attack.
Really read with blurry vision while enemies are nearby?
Lom Lobon gestures at you.
Lom Lobon conjures a mighty blast of ice!
The great icy blast engulfs you!!! You partially resist.
You die...

)....)'......)))))))))).....).)))
▓▓▓▓▓▓▓▓▓▓▓▓▓▓▓▓▓▓▓▓▓▓♣♣♣♣♣♣♣♣♣♣♣
......)..........................
▓▓▓▓▓▓▓▓▓▓▓▓▓▓▓▓▓▓▓▓▓▓▓▓▓▓▓▓▓▓▓▓▓
)........'.........')....)....)..
▓▓▓▓▓▓▓▓▓▓▓▓▓▓▓▓▓▓▓▓▓▓▓▓▓▓▓▓▓▓▓▓▓
.................................
▓▓▓▓▓▓▓▓▓▓▓▓▓▓▓▓▓▓▓▓▓▓▓▓▓▓▓▓▓▓▓▓▓
&1φ1&&○..§§....&@................
▓▓▓▓▓▓▓▓▓▓▓▓▓▓▓▓▓▓▓▓▓▓▓▓▓▓▓▓▓▓▓▓▓


You could see Lom Lobon (gusty).

Vanquished Creatures
  the Royal Jelly (D)
  8 ancient liches (D)
  4 orbs of fire (D)
  Mennas (D)
  Mara (D)
  8 greater mummies (D)
  Boris (D)
  Margery (D)
  Saint Roka (D)
  Xtahua (D)
  2 golden dragons (D)
  Frederick (D)
  Geryon (D)
  Jory (D)
  Nikola (D)
  A bone dragon (D)
  3 electric golems (D)
  2 liches (D)
  7 tentacled monstrosities (D)
  2 deep elf master archers (D)
  26 Orb Guardians (D)
  2 deep elf blademasters (D)
  4 quicksilver dragons (D)
  3 death cobs (D)
  9 acid blobs (D)
  A tentacled starspawn (D)
  2 storm dragons (D)
  9 shadow dragons (D)
  Agnes (D)
  12 sphinxes (D)
  Gastronok (D)
  7 azure jellies (D)
  A tengu reaver (D)
  Ilsuiw (D)
  A draconian monk (D)
  Donald (D)
  2 nagarajas (D)
  4 deep elf sorcerers (D)
  2 frost giants (D)
  2 draconian knights (D)
  4 vault wardens (D)
  2 ghost moths (D)
  A draconian scorcher (D)
  3 emperor scorpions (D)
  2 fire giants (D)
  2 draconian stormcallers (D)
  3 draconian shifters (D)
  2 large abominations (D)
  3 stone giants (D)
  An entropy weaver (D)
  5 very ugly things (D)
  5 ironheart preservers (D)
  3 green draconians (D)
  2 black draconians (D)
  A deep elf demonologist (D)
  11 vampire knights (D)
  5 purple draconians (D)
  A red draconian (D)
  A yellow draconian (D)
  3 white draconians (D)
  Snorg (D)
  7 fire dragons (D)
  Josephine (D)
  3 death oozes (D)
  An ogre mage (D)
  An eidolon (D)
  A deep elf death mage (D)
  5 mummy priests (D)
  5 merfolk impalers (D)
  4 deep elf high priests (D)
  3 merfolk javelineers (D)
  3 naga warriors (D)
  A great orb of eyes (D)
  A yaktaur captain (D)
  Harold (D)
  3 ice dragons (D)
  10 hydras (D)
  2 merfolk avatars (D)
  3 boulder beetles (D)
  25 vault guards (D)
  An anaconda (D)
  3 centaur warriors (D)
  A tengu warrior (D)
  3 merfolk aquamancers (D)
  A two-headed ogre (D)
  2 alligators (D)
  2 vampire magi (D)
  A deep troll earth mage (D)
  A hell hog (D)
  A thrashing horror (D)
  7 orc high priests (D)
  6 hell knights (D)
  2 deep elf knights (D)
  A shock serpent (D)
  Nergalle (D)
  A sea snake (D)
  An unseen horror (D)
  A glowing orange brain (D)
  An unseen horror (shapeshifter) (D)
  A wizard (D)
  5 swamp dragons (D)
  2 ironbrand convokers (D)
  2 naga ritualists (D)
  9 orc knights (D)
  2 ugly things (D)
  A harpy (D)
  3 manticores (D)
  2 wolf spiders (D)
  A manticore (shapeshifter) (D)
  A faun (shapeshifter) (D)
  Joseph (D)
  A deep elf mage (D)
  5 black mambas (D)
  11 moths of wrath (D)
  A vault sentinel (D)
  5 naga magi (D)
  A smoke demon (D)
  6 cane toads (D)
  3 guardian serpents (D)
  A rime drake (D)
  4 yaktaurs (D)
  2 komodo dragons (D)
  A tengu conjurer (D)
  A demonic crawler (D)
  4 freezing wraiths (D)
  An efreet (D)
  15 guardian mummies (D)
  A wandering mushroom (D)
  A merfolk (D)
  5 jumping spiders (D)
  A slime creature (D)
  A raiju (D)
  A wind drake (D)
  A blink frog (D)
  A bog body (D)
  2 tyrant leeches (D)
  A snapping turtle (shapeshifter) (D)
  3 redbacks (D)
  3 wraiths (D)
  A tarantella (D)
  11 spriggans (D)
  2 wyverns (D)
  4 yaks (D)
  A basilisk (shapeshifter) (D)
  A golden eye (D)
  2 chaos spawn (D)
  2 nagas (D)
  3 vampire mosquitoes (D)
  A warg (D)
  An acid dragon (D)
  2 water moccasins (D)
  2 swamp drakes (D)
  10 orc warriors (D)
  A sky beast (D)
  An ice beast (D)
  An eye of draining (D)
  An ogre (D)
  A black bear (D)
  A centaur (D)
  5 bullfrogs (D)
  A wight (D)
  A crimson imp (D)
  A hound (D)
  2 orc priests (D)
  4 orc wizards (D)
  An adder (D)
  A shadow imp (D)
  A worm (D)
  An adder simulacrum (D)
  A leopard gecko (D)
  12 orcs (D)
  A bat zombie (D)
  A giant cockroach (D)
  A hobgoblin (D)
  A quokka (D)
  A frilled lizard (D)
  A goblin (D)
  A rat (D)
  2 crawling corpses (D)
519 creatures vanquished.

Vanquished Creatures (collateral kills)
  An orc high priest (D)
  2 orc knights (D)
3 creatures vanquished.

Vanquished Creatures (others)
  A merfolk aquamancer (D)
  2 unseen horrors (D)
3 creatures vanquished.

Grand Total: 525 creatures vanquished

Notes
Turn   | Place    | Note
-------+----------+-------------------------------------------
     0 | D        | mhtbhm the Minotaur Fighter began the quest for the Orb.
     0 | D        | Reached XP level 1. HP: 19/19 MP: 0/0
   118 | D        | Noticed a hound
   118 | D        | Noticed an ice beast
   121 | D        | Killed an ice beast
   121 | D        | Reached skill level 5 in Long Blades
   121 | D        | Reached XP level 2. HP: 31/31 MP: 1/1
   121 | D        | Reached XP level 3. HP: 38/38 MP: 2/2
   121 | D        | Reached XP level 4. HP: 45/45 MP: 3/3
   122 | D        | Reached skill level 1 in Dodging
   126 | D        | Reached XP level 5. HP: 52/52 MP: 4/4
   179 | D        | Found a roughly hewn altar of Beogh.
   179 | D        | Found a snail-covered altar of Cheibriados.
   179 | D        | Found a shadowy altar of Dithmenos.
   179 | D        | Found a white marble altar of Elyvilon.
   179 | D        | Found a blossoming altar of Fedhas.
   179 | D        | Found an opulent altar of Gozag.
   180 | D        | Found a hazy altar of Hepliaklqana.
   181 | D        | Found a viscous altar of Jiyva.
   182 | D        | Found an ancient bone altar of Kikubaaqudgha.
   183 | D        | Found a corrupted altar of Lugonu.
   184 | D        | Found a burning altar of Makhleb.
   185 | D        | Found a sparkling altar of Nemelex Xobeh.
   186 | D        | Found an iron altar of Okawaru.
   187 | D        | Found a stormy altar of Qazlal.
   188 | D        | Found a sacrificial altar of Ru.
   189 | D        | Found a shimmering blue altar of Sif Muna.
   190 | D        | Found a bloodstained altar of Trog.
   191 | D        | Found a hide-covered altar of Uskayaw.
   192 | D        | Found a radiant altar of Vehumet.
   193 | D        | Found an ornate altar of the Wu Jian Council.
   194 | D        | Found a shimmering altar of Xom.
   195 | D        | Found a basalt altar of Yredelemnul.
   196 | D        | Found a glowing silver altar of Zin.
   197 | D        | Found a glowing golden altar of the Shining One.
   198 | D        | Became a worshipper of Trog the Wrathful
   245 | D        | Noticed a sky beast
   245 | D        | Noticed a centaur
   245 | D        | Noticed an ogre
   247 | D        | Killed an ogre
   249 | D        | Reached * piety under Trog
   254 | D        | Reached XP level 6. HP: 62/62 MP: 5/5
   265 | D        | Killed a sky beast
   265 | D        | Reached ** piety under Trog
   358 | D        | Noticed a yak
   358 | D        | Noticed a wyvern
   358 | D        | Noticed a tengu warrior
   358 | D        | Noticed a centaur warrior
   365 | D        | Killed a centaur warrior
   365 | D        | Reached skill level 10 in Armour
   365 | D        | Reached skill level 10 in Shields
   365 | D        | Reached XP level 7. HP: 46/74 MP: 6/6
   365 | D        | Reached XP level 8. HP: 51/82 MP: 7/7
   375 | D        | Killed a tengu warrior
   377 | D        | Reached *** piety under Trog
   381 | D        | Reached XP level 9. HP: 40/90 MP: 8/8
   825 | D        | Gained mutation: You possess an exceptional clarity of
                  | mind. [potion of mutation]
   825 | D        | Gained mutation: You have large cloven feet. [potion of
                  | mutation]
   825 | D        | Gained mutation: Your spells are a little harder to cast,
                  | but a little more powerful. [potion of mutation]
   830 | D        | Noticed a cane toad
   830 | D        | Noticed a cane toad
   830 | D        | Noticed a komodo dragon
   831 | D        | Noticed an eight-headed hydra
   834 | D        | Killed a komodo dragon
   836 | D        | Killed a cane toad
   836 | D        | Reached **** piety under Trog
   839 | D        | Reached skill level 5 in Dodging
   840 | D        | Noticed a komodo dragon
   846 | D        | Killed a 13-headed hydra
   846 | D        | Reached skill level 15 in Long Blades
   846 | D        | Reached skill level 1 in Stealth
   848 | D        | Killed a cane toad
   854 | D        | Reached ***** piety under Trog
   854 | D        | Reached XP level 10. HP: 57/101 MP: 9/9
  1016 | D        | Noticed a cane toad
  1016 | D        | Noticed a cane toad
  1016 | D        | Noticed a six-headed hydra
  1017 | D        | Noticed a black mamba
  1023 | D        | Killed a nine-headed hydra
  1023 | D        | Reached skill level 1 in Evocations
  1023 | D        | Killed a cane toad
  1026 | D        | Noticed a black mamba
  1031 | D        | Received a gift from Trog
  1032 | D        | Killed a cane toad
  1035 | D        | Killed a black mamba
  1038 | D        | Killed a black mamba
  1399 | D        | Noticed a cane toad
  1406 | D        | Killed a cane toad
  1416 | D        | Received a gift from Trog
  1428 | D        | Reached skill level 15 in Fighting
  1428 | D        | Reached XP level 11. HP: 70/112 MP: 3/10
  1430 | D        | Reached ****** piety under Trog
  1738 | D        | Noticed Gastronok
  1751 | D        | Killed Gastronok
  1751 | D        | Received a gift from Trog
  1751 | D        | Reached skill level 15 in Shields
  1826 | D        | Noticed an orc high priest
  1840 | D        | Noticed a sun demon
  1842 | D        | Killed an orc high priest
  1849 | D        | Received a gift from Trog
  1939 | D        | Noticed an orc knight
  1960 | D        | Killed an orc knight
  1963 | D        | Received a gift from Trog
  1964 | D        | Noticed an orc high priest
  1981 | D        | Received a gift from Trog
  1987 | D        | Killed an orc high priest
  2232 | D        | Found Serov's Gadget Boutique.
  2232 | D        | Noticed an orc high priest
  2232 | D        | Noticed an orc high priest
  2232 | D        | Noticed an orc high priest
  2232 | D        | Noticed an orc knight
  2232 | D        | Noticed an orc high priest
  2233 | D        | Noticed an orc knight
  2237 | D        | Killed an orc high priest
  2238 | D        | Found Yreynwim's Book Shop.
  2239 | D        | Noticed an orc high priest
  2240 | D        | Killed an orc knight
  2240 | D        | Received a gift from Trog
  2243 | D        | Killed an orc high priest
  2244 | D        | Found Agotihit's Jewellery Boutique.
  2244 | D        | Noticed an orc knight
  2248 | D        | Killed an orc high priest
  2252 | D        | Noticed an orc knight
  2253 | D        | Killed an orc high priest
  2254 | D        | Found Seygu's General Store.
  2256 | D        | Noticed an orc high priest
  2261 | D        | Killed an orc knight
  2261 | D        | Reached skill level 10 in Dodging
  2266 | D        | Noticed a sun demon
  2267 | D        | Killed an orc high priest
  2267 | D        | Reached XP level 12. HP: 61/125 MP: 3/11
  2275 | D        | Killed an orc high priest
  2275 | D        | Received a gift from Trog
  2638 | D        | Bought a scroll of blinking for 75 gold pieces
  2638 | D        | Bought a potion of haste for 100 gold pieces
  2638 | D        | Bought a scroll of identify for 20 gold pieces
  2638 | D        | Bought a potion of might for 40 gold pieces
  2640 | D        | Bought an uncursed ring of poison resistance for 220 gold
                  | pieces
  2644 | D        | Bought a wand of random effects (16) for 126 gold pieces
  2644 | D        | Bought a lightning rod (4/4) for 560 gold pieces
  2644 | D        | Bought a phantom mirror for 420 gold pieces
  2650 | D        | Bought a scroll of identify for 20 gold pieces
  2650 | D        | Bought a scroll of identify for 20 gold pieces
  2707 | D        | Noticed Josephine
  2720 | D        | Killed Josephine
  2929 | D        | Found the +8 storm bow {elec, penet}
  3021 | D        | Got the +1 pair of gloves "Goahautytt" {+Blink rPois rN+
                  | Stlth+}
  3154 | D        | Received a gift from Trog
  3166 | D        | Noticed a two-headed ogre
  3167 | D        | Noticed a vampire mage
  3169 | D        | Received a gift from Trog
  3170 | D        | Noticed an ice dragon
  3173 | D        | Killed a two-headed ogre
  3176 | D        | Noticed a stone giant
  3180 | D        | Killed a vampire mage
  3180 | D        | Noticed a great orb of eyes
  3186 | D        | Noticed a purple very ugly thing
  3187 | D        | Killed an ice dragon
  3191 | D        | Killed a stone giant
  3194 | D        | Received a gift from Trog
  3195 | D        | Killed a great orb of eyes
  3201 | D        | Killed a white very ugly thing
  3471 | D        | Noticed Harold
  3480 | D        | Killed Harold
  3539 | D        | Noticed Joseph
  3546 | D        | Killed Joseph
  3546 | D        | Reached XP level 13. HP: 139/139 MP: 12/12
  3587 | D        | Received a gift from Trog
  3592 | D        | Reached skill level 15 in Armour
  3607 | D        | Received a gift from Trog
  4013 | D        | Received a gift from Trog
  4143 | D        | Received a gift from Trog
  4198 | D        | Noticed an entropy weaver
  4209 | D        | Killed an entropy weaver
  4219 | D        | Received a gift from Trog
  4504 | D        | Received a gift from Trog
  4584 | D        | Noticed Saint Roka
  4605 | D        | Killed Saint Roka
  4606 | D        | Received a gift from Trog
  4727 | D        | Got a steaming scimitar {god gift}
  4728 | D        | Identified the +7 scimitar "Houw" {vorpal, rPois Dex+2}
                  | (Trog gifted it to you in the Dungeon)
  4806 | D        | Noticed a cyan very ugly thing
  4806 | D        | Noticed a purple very ugly thing
  4806 | D        | Noticed a fire dragon
  4815 | D        | Reached XP level 14. HP: 137/155 MP: 13/13
  4827 | D        | Killed a purple very ugly thing
  4835 | D        | Killed a cyan very ugly thing
  4835 | D        | Received a gift from Trog
  4836 | D        | Noticed a vampire knight
  4848 | D        | Noticed a vampire knight
  4851 | D        | Noticed a frost giant
  4854 | D        | Noticed a stone giant
  4871 | D        | Killed a vampire knight
  4871 | D        | Received a gift from Trog
  4882 | D        | Killed a vampire knight
  4889 | D        | Killed a frost giant
  4889 | D        | Received a gift from Trog
  4894 | D        | Killed a stone giant
  5227 | D        | Noticed a stone giant
  5248 | D        | Paralysed by a wizard for 3 turns
  5255 | D        | Killed a stone giant
  5568 | D        | Received a gift from Trog
  5577 | D        | Reached skill level 5 in Evocations
  5587 | D        | Noticed a fire giant
  5608 | D        | Killed a fire giant
  5608 | D        | Received a gift from Trog
  5611 | D        | Noticed an ironheart preserver
  5611 | D        | Noticed a vampire knight
  5617 | D        | Killed an ironheart preserver
  5621 | D        | Noticed an ironheart preserver
  5624 | D        | Received a gift from Trog
  5629 | D        | Noticed an ironheart preserver
  5635 | D        | Killed a vampire knight
  5636 | D        | Noticed a vault warden
  5648 | D        | Killed an ironheart preserver
  5648 | D        | Received a gift from Trog
  5654 | D        | Killed an ironheart preserver
  5672 | D        | Killed a vault warden
  5962 | D        | Noticed Mennas
  5998 | D        | Killed Mennas
  5998 | D        | Received a gift from Trog
  5998 | D        | Reached XP level 15. HP: 16/170 MP: 14/14
  6408 | D        | Noticed Snorg
  6417 | D        | Killed Snorg
  6547 | D        | Got the +0 tower shield of Immorality {rC+ Int+2}
  6563 | D        | Got the +0 pair of boots "Rympunuh" {MR++ MP-9 Int+9 Dex-5}
  6613 | D        | Noticed Xtahua
  6619 | D        | Killed Xtahua
  6701 | D        | Noticed Boris
  6715 | D        | Killed Boris
  6715 | D        | Received a gift from Trog
  6783 | D        | Noticed a nagaraja
  6784 | D        | Noticed a nagaraja
  6791 | D        | Killed a nagaraja
  6799 | D        | Killed a nagaraja
  6799 | D        | Received a gift from Trog
  6807 | D        | Received a gift from Trog
  6831 | D        | Got a serpentine rune of Zot
  6906 | D        | Noticed Ilsuiw
  6910 | D        | Received a gift from Trog
  6919 | D        | Received a gift from Trog
  6927 | D        | Killed Ilsuiw
  6957 | D        | Received a gift from Trog
  7087 | D        | Got a barnacled rune of Zot
  7112 | D        | Got a slimy trident {god gift}
  7150 | D        | Noticed a tentacled monstrosity
  7158 | D        | Reached skill level 15 in Dodging
  7170 | D        | Killed a tentacled monstrosity
  7173 | D        | Received a gift from Trog
  7195 | D        | Reached XP level 16. HP: 132/182 MP: 6/15
  7199 | D        | Reached skill level 27 in Fighting
  7206 | D        | Reached skill level 27 in Shields
  7356 | D        | Got a decaying rune of Zot
  7373 | D        | Received a gift from Trog
  7400 | D        | Reached skill level 1 in Throwing
  7453 | D        | Received a gift from Trog
  7472 | D        | Got a gossamer rune of Zot
  7547 | D        | Noticed Margery
  7557 | D        | Killed Margery
  7557 | D        | Reached skill level 27 in Long Blades
  7562 | D        | Received a gift from Trog
  7645 | D        | Noticed Nikola
  7646 | D        | Noticed Nergalle
  7654 | D        | Killed Nergalle
  7659 | D        | Killed Nikola
  7659 | D        | Received a gift from Trog
  7748 | D        | Received a gift from Trog
  7786 | D        | Received a gift from Trog
  7788 | D        | Reached skill level 5 in Stealth
  7815 | D        | Received a gift from Trog
  7833 | D        | Reached skill level 5 in Throwing
  7880 | D        | Noticed a tentacled monstrosity
  7884 | D        | Received a gift from Trog
  7897 | D        | Killed a tentacled monstrosity
  7902 | D        | Received a gift from Trog
  7906 | D        | Noticed a shadow dragon
  7918 | D        | Reached XP level 17. HP: 191/191 MP: 7/16
  7926 | D        | Reached skill level 27 in Armour
  7936 | D        | Received a gift from Trog
  7980 | D        | Noticed a quicksilver dragon
  7981 | D        | Noticed an ancient lich
  7985 | D        | Received a gift from Trog
  8005 | D        | Killed a quicksilver dragon
  8009 | D        | Killed an ancient lich
  8009 | D        | Received a gift from Trog
  8030 | D        | Got a silver rune of Zot
  8034 | D        | Got a pitted wooden ring
  8182 | D        | Noticed Mara
  8183 | D        | Noticed Agnes
  8188 | D        | Noticed Frederick
  8195 | D        | Noticed mhtbhm's illusion
  8212 | D        | Killed Mara
  8216 | D        | Killed Frederick
  8216 | D        | Reached skill level 27 in Dodging
  8223 | D        | Killed Agnes
  8223 | D        | Received a gift from Trog
  8341 | D        | Got the ring of Tumopek {rPois rC++ Str+3 Dex+9 Stlth-}
  8343 | D        | Got the ring of Iviawont {rElec Str+3 Dex+6}
  8345 | D        | Got the ring "Plog" {Ice +Blink Str-2 Int+4 SInv}
  8347 | D        | Got the amulet "Jugoenag" {Spirit Int+2}
  8349 | D        | Got the amulet of Kiusuos {RegenMP rF+}
  8375 | D        | Got the +5 demon blade of the Land of Plenty {freeze, *Slow
                  | rPois Dex+3 Stlth+}
  8408 | D        | Got the +0 pair of boots "Raol" {Str+3 Dex+3}
  8429 | D        | Identified the ring of Peace {+Fly rF++ rN+ Str-2 Int+2}
                  | (You found it in the Dungeon)
  8503 | D        | Noticed Donald
  8512 | D        | Killed Donald
  8512 | D        | Reached skill level 10 in Throwing
  8524 | D        | Noticed Jory
  8540 | D        | Killed Jory
  8540 | D        | Reached skill level 10 in Stealth
  8675 | D        | Received a gift from Trog
  8694 | D        | Received a gift from Trog
  8842 | D        | Noticed a golden dragon
  8844 | D        | Received a gift from Trog
  8845 | D        | Noticed a bone dragon
  8855 | D        | Killed a golden dragon
  8855 | D        | Reached XP level 18. HP: 184/200 MP: 17/17
  8865 | D        | Killed a bone dragon
  8875 | D        | Received a gift from Trog
  8924 | D        | Noticed an electric golem
  8944 | D        | Received a gift from Trog
  8946 | D        | Reached skill level 15 in Throwing
  8946 | D        | Reached skill level 15 in Evocations
  8956 | D        | Killed an electric golem
  9000 | D        | Noticed a tentacled monstrosity
  9000 | D        | Noticed a tentacled monstrosity
  9004 | D        | Killed a tentacled monstrosity
  9005 | D        | Received a gift from Trog
  9009 | D        | Killed a tentacled monstrosity
  9074 | D        | Noticed a tentacled monstrosity
  9075 | D        | Received a gift from Trog
  9083 | D        | Noticed a tentacled monstrosity
  9092 | D        | Killed a tentacled monstrosity
  9092 | D        | Received a gift from Trog
  9099 | D        | Killed a tentacled monstrosity
  9221 | D        | Received a gift from Trog
  9255 | D        | Received a gift from Trog
  9365 | D        | Noticed an Orb Guardian
  9365 | D        | Noticed an Orb Guardian
  9365 | D        | Noticed an Orb Guardian
  9365 | D        | Noticed an Orb Guardian
  9365 | D        | Noticed an Orb Guardian
  9365 | D        | Noticed an Orb Guardian
  9370 | D        | Killed an Orb Guardian
  9374 | D        | Killed an Orb Guardian
  9374 | D        | Noticed an Orb Guardian
  9376 | D        | Killed an Orb Guardian
  9383 | D        | Killed an Orb Guardian
  9392 | D        | Killed an Orb Guardian
  9401 | D        | Killed an Orb Guardian
  9401 | D        | Received a gift from Trog
  9407 | D        | Killed an Orb Guardian
  9407 | D        | Reached XP level 19. HP: 190/207 MP: 18/18
  9469 | D        | Received a gift from Trog
  9532 | D        | Noticed an ancient lich
  9540 | D        | Killed an ancient lich
  9540 | D        | Received a gift from Trog
  9644 | D        | Noticed an orb of fire
  9646 | D        | Gained mutation: Scrolls take you a little longer to read.
                  | [an orb of fire]
  9652 | D        | Gained mutation: Your body sometimes deteriorates upon
                  | taking damage. [an orb of fire]
  9655 | D        | Killed an orb of fire
  9702 | D        | Noticed an electric golem
  9710 | D        | Killed an electric golem
  9714 | D        | Noticed an ancient lich
  9714 | D        | Noticed an electric golem
  9714 | D        | Noticed an ancient lich
  9714 | D        | Noticed an ancient lich
  9715 | D        | Killed an ancient lich
  9717 | D        | Killed an ancient lich
  9717 | D        | Reached skill level 27 in Throwing
  9717 | D        | Noticed an orb of fire
  9720 | D        | Killed an ancient lich
  9720 | D        | Reached skill level 1 in Unarmed Combat
  9722 | D        | Gained mutation: You are weak. (Str -2) [an orb of fire]
  9723 | D        | Noticed an orb of fire
  9725 | D        | Gained mutation: You are dopey. (Int -2) [an orb of fire]
  9727 | D        | Killed an orb of fire
  9727 | D        | Received a gift from Trog
  9727 | D        | Reached skill level 5 in Unarmed Combat
  9727 | D        | Reached skill level 27 in Evocations
  9728 | D        | Noticed an ancient lich
  9734 | D        | Killed an electric golem
  9740 | D        | Killed an orb of fire
  9740 | D        | Noticed an ancient lich
  9746 | D        | Killed an ancient lich
  9746 | D        | Reached XP level 20. HP: 216/216 MP: 19/19
  9749 | D        | Noticed a golden dragon
  9752 | D        | Noticed an orb of fire
  9753 | D        | Killed an ancient lich
  9753 | D        | Received a gift from Trog
  9753 | D        | Killed a golden dragon
  9774 | D        | Killed an orb of fire
 10028 | D        | Received a gift from Trog
 10065 | D        | Received a gift from Trog
 10085 | D        | Reached skill level 27 in Unarmed Combat
 10097 | D        | Received a gift from Trog
 10104 | D        | Reached skill level 15 in Stealth
 10126 | D        | Got an iridescent demon blade {god gift}
 10127 | D        | Identified the +2 demon blade of Propriety {flame, rElec}
                  | (Trog gifted it to you in the Dungeon)
 10309 | D        | Noticed an ancient lich
 10312 | D        | Received a gift from Trog
 10318 | D        | Killed an ancient lich
 10318 | D        | Received a gift from Trog
 10330 | D        | Received a gift from Trog
 10477 | D        | Received a gift from Trog
 10597 | D        | Received a gift from Trog
 10614 | D        | Received a gift from Trog
 10632 | D        | Received a gift from Trog
 10644 | D        | Reached XP level 21. HP: 178/224 MP: 20/20
 10646 | D        | Received a gift from Trog
 10652 | D        | Got an elven rune of Zot
 10953 | D        | Received a gift from Trog
 10955 | D        | Noticed the Royal Jelly
 10957 | D        | Killed the Royal Jelly
 10957 | D        | Reached skill level 27 in Stealth
 10966 | D        | Received a gift from Trog
 10976 | D        | Reached skill level 15 in Short Blades
 10986 | D        | Got a slimy rune of Zot
 11107 | D        | Received a gift from Trog
 11116 | D        | Received a gift from Trog
 11125 | D        | Received a gift from Trog
 11271 | D        | Received a gift from Trog
 11286 | D        | Received a gift from Trog
 11433 | D        | Noticed a greater mummy
 11443 | D        | Killed a greater mummy
 11443 | D        | Received a gift from Trog
 11663 | D        | Noticed a greater mummy
 11677 | D        | Killed a greater mummy
 11691 | D        | Noticed a greater mummy
 11691 | D        | Noticed a greater mummy
 11691 | D        | Noticed a greater mummy
 11691 | D        | Noticed a greater mummy
 11691 | D        | Noticed a greater mummy
 11700 | D        | HP: 9/224 [greater mummy/divine providence (12)]
 12018 | D        | Killed a greater mummy
 12054 | D        | Killed a greater mummy
 12054 | D        | Received a gift from Trog
 12054 | D        | Reached skill level 27 in Short Blades
 12060 | D        | Killed a greater mummy
 12355 | D        | Killed a greater mummy
 12366 | D        | Killed a greater mummy
 12366 | D        | Received a gift from Trog
 12366 | D        | Reached XP level 22. HP: 40/233 MP: 21/21
 12645 | D        | Noticed a greater mummy
 12667 | D        | Killed a greater mummy
 12669 | D        | Got a golden rune of Zot
 12686 | D        | Received a gift from Trog
 12706 | D        | Received a gift from Trog
 12709 | D        | Got an abyssal rune of Zot
 12852 | D        | Noticed Geryon
 12864 | D        | Killed Geryon
 12898 | D        | Identified a +0 pair of boots of running (You found it in
                  | the Dungeon)
 12898 | D        | Noticed Lom Lobon
 12898 | D        | Identified the +7 sceptre of Asmodeus
 12898 | D        | Noticed Asmodeus
 12900 | D        | Identified the +4 staff of Dispater
 12900 | D        | Noticed Dispater
 12903 | D        | Noticed Gloorx Vloq
 12909 | D        | Lost mutation: Your body sometimes deteriorates upon taking
                  | damage. [potion of mutation]
 12909 | D        | Lost mutation: You possess an exceptional clarity of mind.
                  | [potion of mutation]
 12909 | D        | Lost mutation: You have large cloven feet. [potion of
                  | mutation]
 12909 | D        | Lost mutation: You are weak. (Str -2) [potion of mutation]
 12909 | D        | Gained mutation: You have an increased reservoir of magic.
                  | (+10% MP) [potion of mutation]
 12909 | D        | Lost mutation: You are dopey. (Int -2) [potion of mutation]
 12910 | D        | Lost mutation: Scrolls take you a little longer to read.
                  | [potion of mutation]
 12910 | D        | Lost mutation: Your spells are a little harder to cast, but
                  | a little more powerful. [potion of mutation]
 12910 | D        | Lost mutation: You have an increased reservoir of magic.
                  | (+10% MP) [potion of mutation]
 12910 | D        | Gained mutation: You have a pair of large horns on your
                  | head. [potion of mutation]
 12910 | D        | Gained mutation: Scrolls take you a little longer to read.
                  | [potion of mutation]
 12910 | D        | Gained mutation: You are weak. (Str -2) [potion of
                  | mutation]
 12910 | D        | Gained mutation: Your spells are a little harder to cast,
                  | but a little more powerful. [potion of mutation]
 12919 | D        | HP: 10/233 [??? (6)]
 12919 | D        | Noticed Antaeus
 12924 | D        | Killed from afar by Lom Lobon

Illustrated notes

Levels and vault maps discovered:
D:        linesprint [early_d, line_temple, items_1, d_10, items_2, lair_1,
          lair_end, items_3, orc_1, orc_end, items_4, d_15, swamp_1, shoals_1,
          snake_1, spider_1, d_20, vaults_1, items_5, swamp_end, shoals_end,
          snake_end, spider_end, vaults_end, d_27, items_6, zot_1, zot_end,
          crypt_end, forest_end, elf_end, slime_end, tomb_end, abyss_end,
          pan_hell_end]

Skill      XL: |  1  2  3  4  5  6  7  8  9 10 11 12 13 14 15 16 17 18 19 20 21 22 |
---------------+-------------------------------------------------------------------+-----
Fighting       | 6 7 8 11 12 13 15 17 19 22 25 26 27 | 27.0
Armour         | 6 7 8 10 11 12 13 14 16 18 20 26 27 | 27.0
Shields        | 6 7 8 10 11 12 14 16 18 20 23 26 27 | 27.0
Long Blades    | 5 7 11 13 15 17 18 20 22 24 25 27 | 27.0
Dodging        | 1 2 4 5 8 10 11 12 14 15 20 27 | 27.0
Stealth        | 1 2 3 4 5 13 23 27 | 27.0
Evocations     | 2 3 4 5 7 11 21 27 | 27.0
Throwing       | 5 13 22 27 | 27.0
Unarmed Combat | 16 27 | 27.0
Short Blades   | 27 | 27.0
Staves         | 23 | 23.4

Action                   |  1- 3 |  4- 6 |  7- 9 | 10-12 | 13-15 | 16-18 | 19-21 | 22-24 || total
-------------------------+-------+-------+-------+-------+-------+-------+-------+-------++-------
Melee: Long sword        |    10 |     5 |       |       |       |       |       |       ||    15
       Headbutt          |     1 |     9 |    10 |    64 |   173 |   192 |   118 |    18 ||   585
       Scimitar          |       |    24 |    42 |    23 |       |       |       |       ||    89
       Kick              |       |       |     9 |    25 |       |       |       |       ||    34
       Double sword      |       |       |       |   175 |       |       |       |       ||   175
       Demon blade       |       |       |       |    54 |   526 |   601 |   315 |    35 ||  1531
Throw: Throwing net      |       |       |       |       |       |     1 |       |       ||     1
       Javelin           |       |       |       |       |       |    28 |    66 |    17 ||   111
Invok: Berserk           |       |       |     1 |     5 |     7 |     4 |     3 |     1 ||    21
       Brothers in Arms  |       |       |       |     2 |       |       |     1 |       ||     3
Evoke: Wand              |       |       |     2 |     7 |     1 |       |       |       ||    10
       Lightning rod     |       |       |       |       |    14 |       |     1 |       ||    15
  Use: Potion            |     1 |       |     2 |     2 |     6 |       |     6 |     6 ||    23
       Scroll            |       |       |       |       |       |       |     3 |     6 ||     9
 Stab: Sleeping          |       |       |       |       |       |       |     3 |     1 ||     4
       Distracted        |       |       |       |       |       |       |     2 |       ||     2
Armor: Scale mail        |     2 |     2 |       |       |       |       |       |       ||     4
       Ring mail         |       |     5 |    13 |    12 |       |       |       |       ||    30
       Storm dragon scal |       |       |       |    10 |   180 |    78 |    14 |       ||   282
       Gold dragon scale |       |       |       |       |       |       |    11 |    10 ||    21
Dodge: Dodged            |     3 |     8 |    13 |    56 |   114 |   119 |    69 |     8 ||   390
Block: Kite shield       |     4 |     7 |    29 |    86 |   193 |       |       |       ||   319
       Tower shield      |       |       |       |       |   145 |   449 |   243 |    37 ||   874
       Rpst.: Long sword |     1 |     1 |       |       |       |       |       |       ||     2
       Scimitar          |       |     3 |     1 |     4 |       |       |       |       ||     8
       Double sword      |       |       |       |     4 |       |       |       |       ||     4
       Demon blade       |       |       |       |     4 |    10 |    10 |    10 |     2 ||    36

Table legend: (Time is in decaauts) A = Elapsed time spent in this place. B = Non-inter-level travel time spent in this place. C = Inter-level travel time spent in this place. D = Time resting spent in this place. E = Time spent auto-exploring this place. F = Levels seen in this place. G = Mean time per level. A B C D E F G +--------+--------+--------+--------+--------+-----+--------+ Total | 12376 | 12253 | 123 | 6815 | 1495 | 1 | 12376.0 | Dungeon | 12376 | 12253 | 123 | 6815 | 1495 | 1 | 12376.0 | +--------+--------+--------+--------+--------+-----+--------+

Top non-repeatable levels by time:
       D: 12376 daAuts
